 Dungeon Crawl Stone Soup version 0.23-a0-321-g6bcb69f (webtiles) character file.

137 iamserjio the Digger (level 5, 0/28 HPs)
             Began as a Deep Elf Earth Elementalist on Oct 15, 2018.
             Shot with an arrow by a centaur (9 damage)
             ... on level 3 of the Dungeon.
             The game lasted 00:06:10 (1977 turns).

iamserjio the Digger (Deep Elf Earth Elementalist)  Turns: 1977, Time: 00:06:11

Health: 0/28       AC:  2    Str:  5    XL:     5   Next: 0%
Magic:  10/13      EV: 14    Int: 21    God:
Gold:   100        SH:  0    Dex: 15    Spells: 6/12 levels left

rFire    . . .     SeeInvis .   l - +2 whip (elec)
rCold    . . .     Gourm    .   (no shield)
rNeg     . . .     Faith    .   c - +0 robe
rPois    .         Spirit   .   (no helmet)
rElec    .         Reflect  .   (no cloak)
rCorr    .         Harm     .   (no gloves)
MR       .....                  (no boots)
Stlth    ++........             (no amulet)
HPRegen  0.09/turn              (no ring)
MPRegen  0.13/turn              (no ring)

@: no status effects
A: no striking features
a: no special abilities


You were on level 3 of the Dungeon.
You were not hungry.

You visited 1 branch of the dungeon, and saw 3 of its levels.

You collected 100 gold pieces.

Inventory:

Hand Weapons
 g - a +0 short sword
 l - a +2 whip of electrocution (weapon)
Missiles
 b - 37 stones (quivered)
 e - 51 arrows
 q - a throwing net {!f}
Armour
 c - a +0 robe (worn)
Scrolls
 a - a scroll of fog {unknown}
 i - a scroll of fear {unknown}
 k - a scroll of blinking {unknown}
 o - 2 scrolls of identify {unknown}
 s - a scroll of enchant armour {unknown}
Potions
 f - 2 potions of curing {unknown}
 h - a potion of resistance {unknown}
 j - 2 potions of heal wounds {unknown}
 m - a potion of might {unknown}
 n - a potion of magic {unknown}
 p - 2 potions of degeneration {unknown}
 t - a potion of haste {unknown}
Comestibles
 d - 3 rations
 r - 5 chunks of flesh


   Skills:
 + Level 3.5 Dodging
 - Level 2.4 Stealth
 + Level 4.1 Spellcasting
 + Level 1.5 Conjurations
 - Level 1.1 Transmutations
 * Level 4.8 Earth Magic


You had 6 spell levels left.
You knew the following spells:

 Your Spells              Type           Power        Failure   Level  Hunger
a - Sandblast             Erth           ###...       1%          1    None
b - Stone Arrow           Conj/Erth      ###...       10%         3    ###....
c - Passwall              Tmut/Erth      ###.....     5%          2    #......

Your spell library contained the following spells:

 Spells                   Type           Power        Failure   Level  Hunger
 Petrify                  Tmut/Erth      ###.....     34%         4    ####...
 Lee's Rapid Deconstruct  Erth           ###.......   41%         5    ######.


Dungeon Overview and Level Annotations

Branches:
Dungeon (3/15)

Altars:
Cheibriados
The Shining One


Message History

A centaur comes into view.
A centaur is nearby!
You start resting.
HP restored.
Magic restored.
The centaur shouts!
The centaur wields a cursed -3 shortbow.
The centaur shoots an arrow.
The arrow closely misses you.
Found a snail-covered altar of Cheibriados.
There is a stone staircase leading up here.
You see here an arrow.
The centaur shoots an arrow.
The arrow hits you!
Ouch! That really hurt!
You see here an arrow.
Casting: Sandblast (safe; 1% risk of failure)
Aiming: Stone Arrow (safe; 10% risk of failure)
Aim: a centaur, wielding a -3 shortbow The stone arrow hits the centaur.
The centaur shoots an arrow.
The arrow hits you.
The centaur shoots an arrow.
The arrow hits you!
You die...

#..........#.#### ##........#.#.#
#.........#.#.#####
#........##.#.....# #........#
.#...[.# #........# #.....# #
#.######## #...... # .#
#####<....# ####### # .#
#.....@...# #...... #####.#
#.#.......+ #.####.
....#.###.._...#....# #.####.
..........#.#..'....+ #....#.
.....#### #....#c...# #.##.#.
.....#######...#....#########....
##.............................#.
#####.####### #.......#######.#..
# #.# #.......# #.#..


You could see a centaur.

Vanquished Creatures
  A worker ant (D:3)
  A gnoll (D:2)
  2 adders (D:2)
  4 worms
  3 dart slugs
  An orc (D:3)
  7 bats
  3 giant cockroaches
  5 goblins
  8 hobgoblins
  6 jackals
  2 quokkas
  5 frilled lizards
  10 kobolds
  8 rats
66 creatures vanquished.

Notes
Turn   | Place    | Note
-------+----------+-------------------------------------------
     0 | D:1      | iamserjio the Deep Elf Earth Elementalist began the quest
                  | for the Orb.
     0 | D:1      | Reached XP level 1. HP: 10/10 MP: 6/6
   135 | D:1      | Reached XP level 2. HP: 15/15 MP: 4/8
   482 | D:1      | Reached XP level 3. HP: 19/19 MP: 6/10
   639 | D:1      | Learned a level 3 spell: Stone Arrow
   642 | D:1      | Learned a level 2 spell: Passwall
   856 | D:2      | Reached XP level 4. HP: 20/24 MP: 0/11
   990 | D:2      | Reached skill level 1 in Conjurations
  1139 | D:2      | Found a glowing golden altar of the Shining One.
  1888 | D:3      | Reached XP level 5. HP: 23/28 MP: 2/13
  1935 | D:3      | Noticed a centaur
  1975 | D:3      | Found a snail-covered altar of Cheibriados.
  1977 | D:3      | Shot with an arrow by a centaur

Vault maps used:
D:1:      scummos_arrival_star, st_stairs_11, minmay_crystal_room,
          corexii_item_surrounded_by_moat
D:2:      overflow_temple_1_default, minmay_mini_jars
D:3:      lemuel_crystal_altar, uniq_ijyb

Skill      XL: |  1  2  3  4 |
---------------+-------------+-----
Earth Magic    | 4 |  4.8
Dodging        | 3 |  3.5
Conjurations   | 1 |  1.5
Spellcasting   | 4 |  4.1
Stealth        | |  2.4
Transmutations | |  1.1

Action                   |  1- 3 |  4- 6 || total
-------------------------+-------+-------++-------
Melee: Short sword       |    16 |     3 ||    19
       Whip              |       |    25 ||    25
 Cast: Sandblast         |    51 |    19 ||    70
       Stone Arrow       |     2 |     9 ||    11
 Stab: Sleeping          |     1 |     3 ||     4
  Eat: Chunk             |       |     4 ||     4
Armor: Robe              |     9 |     5 ||    14
Dodge: Dodged            |    30 |    23 ||    53

Table legend:
 A = Non-vault XP
 B = Vault XP
 C = Vault XP percentage of total XP
 D = Non-vault monster count
 E = Vault monster count
 F = Vault count percentage of total count
                 A         B        C        D         E       F
            +---------+---------+-------+---------+---------+-------
      Total |     150 |      46 |  23.5 |      53 |      13 |  19.7
            +---------+---------+-------+---------+---------+-------
        D:1 |      43 |       4 |   8.5 |      27 |       3 |  10.0
        D:2 |      47 |      42 |  47.2 |      14 |      10 |  41.7
        D:3 |      60 |       0 |   0.0 |      12 |       0 |   0.0
            +---------+---------+-------+---------+---------+-------
